 Dungeon Crawl Stone Soup version 0.31-a0-142-g31f6795574 (webtiles) character file.

Game seed: 16676264267840747097

1484 jlumianski the Chopper (level 8, -9/56 (61) HPs)
             Began as a Demonspawn Fighter on June 3, 2023.
             Was an Initiate of Qazlal.
             Mangled by a wight
             ... wielding a +3 battleaxe of freezing
              (13 damage)
             ... on level 6 of the Dungeon.
             The game lasted 00:20:36 (5153 turns).

jlumianski the Chopper (Demonspawn Fighter)         Turns: 5153, Time: 00:20:36

HP:   -9/56 (61)    AC: 17    Str: 19    XL:     8   Next: 50%
MP:   9/9           EV:  5    Int: 10    God:    Qazlal [......]
Gold: 237           SH:  9    Dex: 12    Spells: 7/7 levels left

rFire   . . .        a - +0 war axe
rCold   . . .        c - +0 buckler
rNeg    + . .        f - +0 plate armour
rPois   .            (helmet restricted)
rElec   .            (no cloak)
rCorr   .            (no gloves)
SInv    .            u - +0 pair of boots
Will    .....        (no amulet) Stlth
                     o - ring of positive energy
HPRegen 0.29/turn    (no ring)
MPRegen 0.11/turn

%: no passive effects
@: drained
A: antennae 2, icemail 1, condensation shield
a: Renounce Religion


You were on level 6 of the Dungeon.
You worshipped Qazlal.
Qazlal was noncommittal.
You visited 2 branches of the dungeon, and saw 8 of its levels.

You collected 237 gold pieces.

Inventory:

Hand Weapons
 a - a +0 war axe (weapon)
Missiles
 e - 2 poisoned darts
 h - 25 stones (quivered)
Armour
 b - a +0 scale mail
 c - a +0 buckler (worn)
 f - a +0 plate armour (worn)
 g - a +0 helmet
 u - a +0 pair of boots (worn)
Magical Staves
 B - a staff of poison
Jewellery
 o - a ring of positive energy (left hand)
 r - an amulet of the acrobat
Wands
 x - a wand of acid (5)
Scrolls
 i - a scroll of immolation
 j - 3 scrolls of enchant weapon
 l - a scroll of amnesia
 m - a scroll of noise
 t - a scroll of blinking
 v - a scroll of brand weapon {unknown}
 y - a scroll of fog {unknown}
 z - a scroll of fear {unknown}
 A - a scroll of teleportation {unknown}
Potions
 d - 3 potions of might
 n - a potion of degeneration {unknown}
 p - a potion of enlightenment {unknown}
 q - a potion of heal wounds {unknown}
 s - a potion of attraction {unknown}
 w - a potion of haste {unknown}
 C - a potion of magic {unknown}


   Skills:
 + Level 4.7 Fighting
 + Level 6.5 Axes
 + Level 0.4 Throwing
 + Level 5.6 Armour
 + Level 0.3 Dodging
 - Level 0.1 Stealth
 + Level 4.0 Shields
 * Level 2.5 Invocations
 * Level 1.5 Evocations


You had 7 spell levels left.
You didn't know any spells.
Your spell library contained the following spells:

 Spells                   Type           Power      Damage    Failure   Level
 Sandblast                Erth           0%         2d4       100%        1
 Passwall                 Tmut/Erth      0%         N/A       100%        2
 Ignite Poison            Fire/Tmut/Pois 0%         N/A       100%        3
 Stone Arrow              Conj/Erth      0%         3d7       100%        3
 Olgreb's Toxic Radiance  Pois           0%         N/A       100%        4
 Freezing Cloud           Conj/Ice/Air   0%         6-21      100%        5
 Discord                  Hex            0%         N/A       100%        8
 Ignition                 Fire           0%         3d3       100%        8


Dungeon Overview and Level Annotations

Branches:
Dungeon (7/15)             Temple (1/1) D:5

Altars:
Ashenzari
Dithmenos
Fedhas
Gozag
Hepliaklqana
Kikubaaqudgha
Makhleb
Nemelex Xobeh
Okawaru
Qazlal
Sif Muna
Trog
Uskayaw
Wu Jian
Xom

Annotations:
D:6 Prince Ribbit


Innate Abilities, Weirdness & Mutations

You have a pair of antennae on your head.
A meltable icy envelope protects you from harm. (AC +4)
A meltable shield of frost defends you. (SH +4)


Message History

You closely miss the wight.
The wight hits you with a +3 battleaxe of freezing!
The wight freezes you.
You closely miss the wight. You block the wight's attack.
You hit the wight but do no damage. The wight hits you but does no damage.
You hit the wight but do no damage. The wight barely misses you.
You block the wight's attack.
You hit the wight.
The wight is lightly damaged.
You block the wight's attack.
You hit the wight but do no damage.
The wight is lightly damaged.
The wight hits you but does no damage.
You slash the wight!
The wight is severely damaged.
You block the wight's attack.
You hit the wight.
The wight is almost destroyed.
You block the wight's attack.
The wight hits you with a +3 battleaxe of freezing!
You partially resist.
You feel drained. The wight freezes you.
* * * LOW HITPOINT WARNING * * *
You hit the wight but do no damage.
The wight is almost destroyed.
The wight hits you but does no damage.
You hit the wight but do no damage.
The wight is almost destroyed.
The wight hits you with a +3 battleaxe of freezing!
* * * LOW HITPOINT WARNING * * *
The wight freezes you.
* * * LOW HITPOINT WARNING * * *
You feel better.
The wight hits you with a +3 battleaxe of freezing!
* * * LOW HITPOINT WARNING * * *
The wight freezes you.
* * * LOW HITPOINT WARNING * * *
You barely miss the wight.
The wight is almost destroyed.
The wight hits you with a +3 battleaxe of freezing!
You die...

......# .................#
.###..# .................#
.########.....#######'#........+
........#.....#...#...#........#
........#.....#...#...#........#
........#.....#...#...#........#
###.##'##.....#...##..# .....
.##'##..#.....#...##..# ....
.....#..#.....#.@)....#
.....#..'.....#.z.....#
.....#..#.....).......#
.##.#...#.....##'######
.####'###+###'###.#
..#..#.......#..#.#
<.#..#.......#..#.#
..+..'###+###+..+.#
..#..#.+...+. ..#.# .


You could see a wight.

Vanquished Creatures
  Eustachio (D:5)
  A water moccasin (D:5)
  A black bear (D:5)
  A phantom (D:5)
  A bullfrog (D:5)
  A scorpion (D:4)
  3 wights (D:6)
  A howler monkey (D:6)
  An orc priest (D:4)
  2 hounds
  2 gnoll boudas
  6 iguanas
  2 sleepcaps
  Natasha (thrice) (D:4)
  An orc wizard (D:4)
  Robin (D:1)
  12 gnolls
  7 adders
  2 shadow imps (D:5)
  2 worms
  5 dart slugs
  8 orcs
  5 endoplasms
  3 giant cockroaches
  9 goblins
  8 hobgoblins
  10 jackals
  5 kobolds
  A quokka (D:1)
  8 ball pythons
  4 bats
  2 frilled lizards
  5 rats
124 creatures vanquished.

Notes
Turn   | Place    | Note
-------+----------+-------------------------------------------
     0 | D:1      | jlumianski the Demonspawn Fighter began the quest for the
                  | Orb.
     0 | D:1      | Reached XP level 1. HP: 18/18 MP: 1/1
   158 | D:1      | Gained mutation: You have a pair of small antennae on your
                  | head. [demonic ancestry]
   158 | D:1      | Reached XP level 2. HP: 13/24 MP: 2/2
   328 | D:1      | Reached skill level 2 in Axes
   481 | D:2      | Reached XP level 3. HP: 27/29 MP: 3/3
  1195 | D:3      | Gained mutation: You have a pair of antennae on your head.
                  | [demonic ancestry]
  1195 | D:3      | Reached XP level 4. HP: 32/35 MP: 4/4
  1499 | D:2      | Noticed Robin
  1579 | D:1      | Killed Robin
  1623 | D:3      | Reached skill level 3 in Axes
  1623 | D:3      | Found a shimmering altar of Xom.
  1628 | D:3      | Found a shimmering altar of Xom.
  1674 | D:2      | Reached XP level 5. HP: 23/41 MP: 5/5
  2396 | D:5      | Entered Level 5 of the Dungeon
  2438 | D:4      | Reached skill level 4 in Axes
  2586 | D:4      | Gained mutation: A meltable shield of frost defends you.
                  | (SH +4) [demonic ancestry]
  2586 | D:4      | Reached XP level 6. HP: 47/48 MP: 6/6
  2659 | D:4      | Noticed Natasha
  2667 | D:4      | Killed Natasha
  3109 | D:5      | Reached skill level 5 in Axes
  3109 | D:5      | Reached XP level 7. HP: 44/54 MP: 7/7
  3193 | D:5      | Found an opulent altar of Gozag.
  3512 | D:5      | Found an ornate altar of the Wu Jian Council.
  3519 | D:5      | Noticed a spectral centipede
  3519 | D:5      | Noticed a spectral black mamba
  3519 | D:5      | Noticed a spectral cane toad
  3652 | D:5      | Found a staircase to the Ecumenical Temple.
  3658 | Temple   | Entered the Ecumenical Temple
  3799 | Temple   | Became a worshipper of Qazlal Stormbringer
  3885 | D:5      | Noticed Eustachio
  3894 | D:5      | Killed Eustachio
  3895 | D:5      | Reached skill level 5 in Armour
  3909 | D:5      | Reached skill level 6 in Axes
  3909 | D:5      | Gained mutation: A meltable icy envelope protects you from
                  | harm. (AC +4) [demonic ancestry]
  3909 | D:5      | Reached XP level 8. HP: 58/61 MP: 8/8
  4041 | D:4      | Reached skill level 1 in Invocations
  4160 | D:4      | Noticed Natasha
  4167 | D:4      | Killed Natasha
  4191 | D:4      | Noticed Natasha
  4206 | D:4      | Killed Natasha
  4546 | D:6      | Noticed Prince Ribbit
  4650 | D:5      | Got the Omnibus of the Bright Tincture
  4737 | D:5      | Found a blossoming altar of Fedhas.
  4997 | D:6      | Reached skill level 1 in Evocations
  5037 | D:6      | Found an iron altar of Okawaru.
  5153 | D:6      | Mangled by a wight

Illustrated notes

Levels and vault maps discovered:
D:1:      elethiomel_arrival_shortcut, layout_basic, dreamdust_princess_bridge
D:2:      layout_basic, minivault_24, uniq_robin
D:3:      minmay_octagon_keep, layout_basic, nicolae_yredelemnul_corpse_copse,
          xom_redecorated
D:4:      layout_loops_ring, enter_ossuary_1, uniq_natasha
D:5:      layout_loops_ring, zin_academy, kennysheep_mini_moat,
          nicolae_gozag_seed_capital, pdpol_wu_jian_five_deadly_venoms,
          minmay_temple_entry_wispy, uniq_eustachio
D:6:      layout_gridville, mainiacjoe_overflow_concentric_impassable,
          lemuel_coloured_pillars_altar, mainiacjoe_overflow_24_doors,
          uniq_sigmund, uniq_prince_ribbit1
D:7:      layout_basic, mainiacjoe_overflow_brackets, uniq_pikel
Temple:   grunt_temple_mini_profane

Skill      XL: |  1  2  3  4  5  6  7  8 |
---------------+-------------------------+-----
Axes           | 2 3 4 5 6 |  6.5
Armour         | 3 4 5 |  5.6
Shields        | 3 4 |  4.0
Fighting       | 4 |  4.7
Invocations    | 2 |  2.5
Evocations     | 1 |  1.5
Throwing       | |  0.4
Dodging        | |  0.3
Stealth        | |  0.1

Action                     |  1- 3 |  4- 6 |  7- 9 || total
---------------------------+-------+-------+-------++-------
  Melee: War axe           |   115 |   229 |   178 ||   522
  Throw: Dart              |       |     2 |       ||     2
         Stone             |       |       |     3 ||     3
  Evoke: Wand              |       |       |     1 ||     1
    Use: Scroll            |       |     4 |     1 ||     5
         Potion            |       |       |     2 ||     2
 Armour: Plate armour      |    97 |   153 |    90 ||   340
  Dodge: Dodged            |    39 |    68 |    33 ||   140
  Block: Buckler           |    28 |    83 |    77 ||   188

Table legend: (Time is in decaauts)
 A = Elapsed time spent in this place.
 B = Non-inter-level travel time spent in this place.
 C = Inter-level travel time spent in this place.
 D = Time resting spent in this place.
 E = Time spent auto-exploring this place.
 F = Levels seen in this place.
 G = Mean time per level.
                   A        B        C        D        E       F      G
               +--------+--------+--------+--------+--------+-----+--------+
         Total |   5353 |   5220 |    133 |    275 |   2612 |   8 |  669.1 |
       Dungeon |   5133 |   5000 |    133 |    275 |   2552 |   7 |  733.3 |
        Temple |    219 |    219 |      0 |      0 |     60 |   1 |  219.0 |
               +--------+--------+--------+--------+--------+-----+--------+

Top non-repeatable levels by time:
     D:5: 1229 daAuts
     D:4: 1101 daAuts
     D:1: 1082 daAuts
     D:2: 843 daAuts
     D:3: 603 daAuts
     D:6: 264 daAuts
  Temple: 219 daAuts
     D:7: 8 daAuts
